Map: Acid Plant LE

Players

LiquidTLO (TLO)

  • Race: Zerg Zerg
  • Spawn Location: 5:00

Elazer - Winner!

  • Race: Zerg Zerg
  • Spawn Location: 11:00

Event: WCS Leipzig 2018

VOD

Have the link to the VOD?

Description

Time

  • Played on: Jan. 26, 2018, 12:29 p.m.
  • Length: 7:08

All games in this series

Show
View Real Time Build Order
Export as new Build Order

LiquidTLO Zerg 

Build Orders: 3 Hatch before Pool 

Get SALT Encoding   

  12  0:00  Drone  
  13  0:12  Overlord  
  13  0:17  Drone  
  14  0:30  Drone  
  14  0:31  Drone  
  14  0:34  Drone  
  17  0:52  Hatchery  
  17  0:55  Drone  
  17  0:58  Drone  
  18  1:17  Drone  
  19  1:22  Hatchery  
  18  1:28  Extractor  
  17  1:36  Spawning Pool  
  17  1:39  Drone  
  17  1:42  Drone  
  17  1:45  Drone  
  19  1:51  Drone  
  20  2:02  Drone  
  20  2:06  Drone  
  22  2:11  Drone  
  22  2:15  Drone  
  24  2:23  Drone, Queen  
  27  2:30  Metabolic Boost  
  27  2:33  Drone, Queen  
  30  2:38  Overlord  
  30  2:45  Drone  
  30  2:46  Zergling x2  
  30  2:49  Baneling Nest  
  31  2:53  Overlord  
  31  2:57  Drone  
  32  2:59  Drone  
  32  3:01  Drone  
  32  3:03  Drone  
  32  3:04  Drone  
  36  3:08  Zergling x2  
  36  3:10  Zergling x2  
  38  3:15  Queen  
  40  3:20  Drone  
  40  3:21  Drone  
  42  3:30  Drone  
  42  3:33  Baneling x4  
  42  3:34  Drone x2  
  44  3:36  Overlord  
  44  3:43  Drone x2, Roach Warren  
  44  3:45  Zergling x2  
  44  3:47  Zergling x2  
  44  3:48  Zergling x2  
  48  3:52  Drone  
  48  3:55  Drone, Extractor  
  50  3:57  Drone  
  50  3:59  Drone  
  50  4:02  Extractor  
  50  4:06  Baneling  
  50  4:08  Drone  
  50  4:09  Drone, Evolution Chamber  
  51  4:10  Drone  
  51  4:12  Drone, Overlord  
  51  4:15  Drone x2  
  55  4:18  Overlord  
  55  4:23  Lair  
  55  4:25  Drone  
  55  4:27  Drone  
  55  4:29  Drone  
  58  4:31  Drone  
  58  4:32  Drone  
  58  4:35  Zerg Missile Weapons Level 1  
  58  4:37  Drone  
  61  4:40  Drone  
  61  4:42  Drone  
  61  4:43  Drone x2  
  61  4:45  Zergling x4  
  66  4:47  Drone  
  66  4:48  Drone  
  66  4:52  Drone, Extractor  
  68  4:53  Drone, Extractor  
  68  4:56  Drone  
  68  4:58  Zergling x4  
  68  4:59  Drone  
  70  5:02  Drone x2  
  70  5:05  Overlord  
  70  5:06  Overlord  
  72  5:10  Overlord  
  72  5:12  Baneling  
  72  5:13  Overlord  
  71  5:16  Roach  
  73  5:23  Spire  
  73  5:24  Roach  
  74  5:31  Roach  
  74  5:32  Roach x2  
  74  5:35  Roach x2  
  82  5:36  Roach x2  
  82  5:40  Roach  
  82  5:41  Roach  
  90  5:43  Roach  
  90  5:45  Roach  
  90  5:46  Drone  
  90  5:47  Drone, Extractor  
  90  5:48  Drone  
  96  5:51  Overlord  
  96  5:53  Drone  
  96  5:55  Drone  
  98  5:58  Roach  
  98  6:01  Overlord  
  98  6:03  Overlord  
  97  6:04  Overlord  
  97  6:10  Roach  
  99  6:11  Roach  
  99  6:12  Overlord  
  99  6:14  Overlord  
  101  6:27  Drone x2  
  103  6:34  Roach x8  
  103  6:35  Roach  
  103  6:38  Roach  
  119  6:40  Roach  
  119  6:42  Roach  
  119  6:46  Roach  
  105  6:49  Roach x2  
Show
View Real Time Build Order
Export as new Build Order

Elazer Zerg - Winner!

Build Orders: Hatch First 

Get SALT Encoding   

  12  0:00  Drone  
  13  0:12  Overlord  
  13  0:16  Drone  
  14  0:30  Drone x2  
  16  0:48  Hatchery  
  15  0:51  Drone  
  15  0:55  Drone  
  17  0:58  Drone  
  18  1:09  Extractor  
  17  1:13  Spawning Pool  
  17  1:17  Drone  
  17  1:20  Drone  
  18  1:28  Drone  
  19  1:38  Drone  
  20  1:48  Overlord  
  20  2:00  Drone x2, Queen  
  20  2:01  Queen  
  26  2:10  Metabolic Boost  
  26  2:12  Drone x2  
  28  2:21  Drone x2  
  30  2:32  Drone  
  31  2:40  Hatchery  
  31  2:42  Overlord  
  31  2:44  Drone  
  31  2:46  Drone  
  32  2:54  Drone x2  
  34  2:59  Baneling Nest  
  34  3:05  Zergling x2  
  34  3:06  Zergling x2  
  34  3:08  Drone  
  34  3:09  Drone  
  34  3:10  Drone, Queen  
  34  3:11  Drone  
  41  3:15  Overlord  
  41  3:18  Zergling x2  
  41  3:19  Zergling x2  
  43  3:21  Zergling x2  
  44  3:29  Overlord  
  44  3:35  Drone  
  44  3:40  Drone x4  
  49  3:43  Drone x3  
  52  3:48  Drone  
  52  3:54  Overlord  
  54  3:55  Drone  
  54  3:59  Extractor, Lair  
  54  4:00  Overlord, Evolution Chamber  
  54  4:02  Drone  
  53  4:06  Drone x2  
  55  4:14  Drone x2  
  55  4:15  Drone, Extractor  
  56  4:18  Drone, Overlord  
  56  4:24  Roach Warren  
  56  4:26  Zerg Missile Weapons Level 1  
  56  4:28  Drone x4  
  60  4:32  Zergling x2  
  60  4:34  Extractor  
  60  4:37  Zergling x4  
  60  4:38  Baneling x2  
  62  4:41  Overlord  
  62  4:43  Drone x2  
  62  4:44  Drone  
  64  4:48  Overlord  
  64  4:50  Overlord  
  64  4:59  Overlord  
  64  5:03  Glial Reconstitution  
  64  5:04  Roach x5  
  73  5:09  Overlord  
  73  5:10  Roach  
  75  5:18  Roach x3  
  81  5:23  Overlord  
  81  5:25  Roach x4  
  88  5:31  Roach  
  88  5:36  Queen  
  88  5:37  Roach x3  
  96  5:43  Roach  
  96  5:44  Roach x2  
  96  5:45  Overlord  
  96  5:48  Roach  
  103  5:52  Roach x2  
  103  5:56  Roach  
  109  5:59  Overlord  
  108  6:07  Roach x2  
  112  6:17  Roach x3  
  118  6:22  Roach  
  122  6:25  Roach  
  122  6:26  Roach x6  
  122  6:31  Roach  
  135  6:42  Roach  
  135  6:43  Roach x2  
  135  6:46  Roach x4  
Tags
 
Add a new tag
Caveats
  • Supply blocks, unpowered buildings, or Contaminate may cause inaccurate times.
  • Supply counts are checked every 10 seconds.